Cogmind - Beta 13 @@@ ROGUE MODE // 2024.05.30 @ 22:02:50 Player: A Moose Result: Destroyed by G-50 Soldier with Heavy Laser Performance ------------- Evolutions (4) 2000 Regions Visited (18) 3600 Robots Destroyed (295) 1475 Value Destroyed (11860) 11860 Prototype IDs (32) 640 Alien Tech Used (0) 0 Bonus (5635) 5635 TOTAL SCORE: 25210 Bonus ------- High Alert Combat Kills 2492 Follower Combat Kills 1342 Entered Garrisons 200 Network Hubs Disabled 400 Met Data Miner 300 Acquired ECA 300 Built Enhanced Grunts 300 A7 Reached Mainframe 300 Met R17 at Cetus 500 Friendly Fire -499 Cogmind --------- Core Integrity 0/850 Matter 47/300 Energy 51/100 System Corruption 21% Temperature Cool (21) Movement Rolling (130) Ox2 Location -6/Hub_04(d) Parts ------- > --- POWER (1) -------- (None) > --- PROPULSION (2) --- Compact Wheel > --- UTILITY (8) ------ High-capacity Storage Unit Armor Integrity Analyzer > --- WEAPON (4) ------- (None) > --- INVENTORY (20) --- Encrypted Comm Array Hacking Suite System Guard Improved System Restoration Module Improved Lightning Gun Plasma Cutter Great Axe Peak State ------------ > --- POWER ------------ Quantum Reactor > --- PROPULSION ------- Wheel Armored Wheel > --- UTILITY ---------- Improved Cryofiber Web Advanced Heat Sink Improved Cooling System High-capacity Storage Unit Core Analyzer Armor Integrity Analyzer Centrium Medium Armor Plating Experimental Thermal Shield > --- WEAPON ----------- Heavy Plasma Cannon Heavy Plasma Cannon Neutron Cannon Advanced KE Penetrator > --- INVENTORY -------- Antimatter Reactor Wheel Compact Wheel Encrypted Comm Array Improved Medium Armor Plating Improved Medium Armor Plating Layered Medium Armor Plating Centrium Medium Armor Plating Improved Hardlight Generator Hacking Suite System Guard Improved System Restoration Module Improved Lightning Gun Advanced KE Penetrator Advanced Assault Cannon Long-range Missile Launcher Plasma Cutter Great Axe [Rating: 86] Favorites ----------- Power F-cell Engine Engine F-cell Engine Power Core Light Nuclear Core Reactor Antimatter Reactor Propulsion Wheel Treads Light Treads Wheel Wheel Utility Improved Signal Interpreter Device Improved Cooling System Storage High-capacity Storage Unit Processor Improved Signal Interpreter Hackware Improved Hacking Suite Protection Hardened Light Armor Plating Weapon Advanced Assault Cannon Energy Gun Precision Beam Rifle Energy Cannon Heavy Plasma Cannon Ballistic Gun KE Penetrator Ballistic Cannon Advanced Assault Cannon Launcher Long-range Missile Launcher Special Weapon Plasma Cutter Slashing Weapon Great Axe Piercing Weapon Spear Build | -11 -10 -10 -9 -9 -9 -8 -7 -7 -7 -7 -7 -7 -6 -6 -6 -6 -6 -6 ------- Run | Yrd Mat Min Mat Sto Gar Mat Fac Was Fac Low Low Dat Pro Fac Ext Cet Arc Hub Slots Evolved 8 | . . . 2 . . 2 2 . . . . . . 2 . . . . Power . | . . . . . . . . . . . . . . . . . . . Propulsion . | . . . . . . . . . . . . . . . . . . . Utility 6 | . . . 2 . . 1 2 . . . . . . 1 . . . . Weapon 2 | . . . . . . 1 . . . . . . . 1 . . . . Parts Attached 230 | 6 5 4 17 11 3 44 7 2 27 4 7 . 8 41 11 9 . 24 Power 15 | 1 . 1 1 1 . 3 . 1 2 . . . 1 2 . 1 . 1 Engine 9 | 1 . 1 1 1 . 3 . . . . . . . 2 . . . . Core 1 | . . . . . . . . . . . . . 1 . . . . . Reactor 5 | . . . . . . . . 1 2 . . . . . . 1 . 1 Propulsion 37 | 2 1 2 1 2 1 5 2 . 6 1 1 . 1 4 3 . . 5 Treads 3 | 2 1 . . . . . . . . . . . . . . . . . Leg . | . . . . . . . . . . . . . . . . . . . Wheel 34 | . . 2 1 2 1 5 2 . 6 1 1 . 1 4 3 . . 5 Hover . | . . . . . . . . . . . . . . . . . . . Flight . | . . . . . . . . . . . . . . . . . . . Utility 100 | 1 1 1 9 2 . 22 4 1 10 3 3 . 4 19 6 4 . 10 Device 57 | . . 1 5 . . 11 2 1 6 3 3 . 3 10 4 2 . 6 Storage 3 | 1 1 . . . . 1 . . . . . . . . . . . . Processor 5 | . . . 1 . . 2 . . . . . . . 1 1 . . . Hackware 2 | . . . . . . . . . 2 . . . . . . . . . Protection 33 | . . . 3 2 . 8 2 . 2 . . . 1 8 1 2 . 4 Artifact . | . . . . . . . . . . . . . . . . . . . Weapon 78 | 2 3 . 6 6 2 14 1 . 9 . 3 . 2 16 2 4 . 8 Energy Gun 12 | . . . . 3 . 2 . . . . . . 1 4 . 1 . 1 Energy Cannon 19 | . . . 2 1 1 4 . . 4 . . . . 2 1 1 . 3 Ballistic Gun 20 | 2 2 . 1 1 1 4 . . 2 . 2 . . 2 . 1 . 2 Ballistic Cannon 13 | . . . 2 . . 1 . . 2 . . . 1 5 1 . . 1 Launcher 7 | . 1 . 1 1 . 2 . . . . . . . 1 . . . 1 Special Weapon 1 | . . . . . . . . . . . . . . . . 1 . . Impact Weapon . | . . . . . . . . . . . . . . . . . . . Slashing Weapon 5 | . . . . . . 1 1 . 1 . 1 . . 1 . . . . Piercing Weapon 1 | . . . . . . . . . . . . . . 1 . . . . Special Melee Weapon . | . . . . . . . . . . . . . . . . . . . Unidentified Prototypes 10 | . . . 1 3 . . . . 1 . . . 1 1 . 3 . . Parts Lost 85 | . . 2 2 . 1 10 1 . 18 . 5 . 2 11 6 . . 27 Power 7 | . . 1 . . . 1 . . 2 . . . 1 1 . . . 1 Propulsion 25 | . . 1 . . 1 2 1 . 6 . 1 . 1 3 3 . . 6 Utility 32 | . . . 2 . . 4 . . 4 . 2 . . 6 2 . . 12 Weapon 21 | . . . . . . 3 . . 6 . 2 . . 1 1 . . 8 Highest Loss Streak 21 | . . 2 1 . 1 4 1 . 5 . 3 . 1 4 3 . . 21 To Critical Strikes . | . . . . . . . . . . . . . . . . . . . Average Slot Usage (%) 97 | . 85 87 99 99 99 99 98 100 97 100 97 100 99 97 98 100 100 95 Engine 5 | . 14 12 11 11 11 8 7 5 . . . . . 5 6 . . . Reactor 2 | . . . . . . . . 1 6 7 7 7 3 . . 5 6 5 Treads 2 | . 28 6 . . . . . . . . . . . . . . . . Wheel 14 | . . 18 22 21 21 17 13 15 12 15 13 15 14 11 12 13 13 11 Device 12 | . . 8 17 2 . 9 23 23 9 15 16 23 17 15 17 13 13 16 Storage 8 | . 14 14 11 11 11 9 7 7 7 7 7 7 7 6 6 6 6 6 Processor 11 | . . . 6 11 11 14 15 15 15 15 13 7 7 6 14 20 20 16 Hackware 5 | . . . . . . . . . 14 15 15 15 15 10 . . . . Protection 8 | . . . 8 19 22 11 7 7 4 . . . 4 10 13 13 13 11 Energy Gun 4 | . . . . 6 11 5 15 15 5 . . . 6 3 . 5 6 3 Energy Cannon 5 | . . . 10 2 . 9 6 . 4 7 5 . . 1 13 6 6 7 Ballistic Gun 7 | . 27 28 4 9 10 7 . . 2 7 8 15 11 5 6 6 6 7 Ballistic Cannon 4 | . . . 6 4 . . . . 2 7 4 . 3 11 6 6 6 4 Slashing Weapon 1 | . . . . . . 4 . 7 5 . 1 7 . . . . . . Naked Turns . | . . . . . . . . . . . . . . . . . . . Heaviest Build 122 | 12 28 29 49 51 47 79 71 75 82 79 80 70 75 101 115 117 117 122 Greatest Support 40 | 40 40 40 20 20 20 20 26 20 32 20 20 20 20 26 22 22 22 28 Greatest Overweight (x) 10 | . 1 1 2 4 4 7 6 3 7 3 7 3 7 7 5 5 5 10 Average Overweight (x) 3 | . . . 1 2 2 2 3 3 3 3 3 3 3 3 4 4 5 4 Largest Inventory Capacity 20 | 8 15 15 15 15 15 20 20 20 20 20 20 20 20 20 20 20 20 20 Average Capacity 18 | 7 11 15 15 15 15 17 20 20 20 20 20 20 20 20 20 20 20 20 Most Carried 20 | 7 15 15 15 15 15 20 20 20 20 20 20 20 20 20 20 20 20 20 Average Carried 17 | 3 9 14 14 14 14 17 19 19 18 19 19 20 19 19 19 19 20 18 Final Capacity 20 | 8 15 15 15 15 15 20 20 20 20 20 20 20 20 20 20 20 20 20 Final Carried 20 | 4 15 15 15 15 14 18 20 20 19 20 20 20 20 20 20 20 20 7 Class Distribution -------------------- 20% | Mutant 13% | Scavenger-Mutant 12% | Scavenger-Gunner 11% | Scavenger-Tank 11% | Hacker-Tank 8% | Hacker-Skirmisher 8% | Hacker-Mutant 4% | Scavenger-Skirmisher Dominant Class ---------------- Mutant | -10/Materials Mutant | -10/Mines Scavenger-Mutant | -9/Materials Mutant | -9/Storage Mutant | -9/Garrison Scavenger-Mutant | -8/Materials Scavenger-Skirmisher | -7/Factory Scavenger-Mutant | -7/Waste Hacker-Mutant | -7/Factory Hacker-Skirmisher | -7/Lower Caves Hacker-Skirmisher | -7/Lower Caves Scavenger-Mutant | -7/Data Miner Hacker-Tank | -6/Proximity Caves Hacker-Tank | -6/Factory Scavenger-Tank | -6/Extension Scavenger-Gunner | -6/Cetus Scavenger-Gunner | -6/Archives Scavenger-Gunner | -6/Hub_04(d) Resources | -11 -10 -10 -9 -9 -9 -8 -7 -7 -7 -7 -7 -7 -6 -6 -6 -6 -6 -6 ----------- Run | Yrd Mat Min Mat Sto Gar Mat Fac Was Fac Low Low Dat Pro Fac Ext Cet Arc Hub Matter Collected 6075 | 235 151 90 703 382 254 821 60 25 536 71 247 . 160 1220 330 196 7 587 Remotely 289 | . . 76 213 . . . . . . . . . . . . . . . Salvage Created 11383 | . 328 29 1147 351 634 1904 124 . 1508 51 611 . 67 1687 762 170 67 1943 Parts 591 | . 27 2 72 28 44 120 4 . 68 2 30 . 3 74 30 5 . 82 Haulers Intercepted 15 | . . . 4 1 . 4 . . . . . . . 2 . . . 4 Recyclers Shooed 2 | . . . 1 . . . . . . . . . . . 1 . . . Parts Field Recycled . | . . . . . . . . . . . . . . . . . . . Retrieved Matter . | . . . . . . . . . . . . . . . . . . . Parts Self-Destructed 30 | . . . . . . . . . . 1 27 . 2 . . . . . Prevented . | . . . . . . . . . . . . . . . . . . . Kills | -11 -10 -10 -9 -9 -9 -8 -7 -7 -7 -7 -7 -7 -6 -6 -6 -6 -6 -6 ------- Run | Yrd Mat Min Mat Sto Gar Mat Fac Was Fac Low Low Dat Pro Fac Ext Cet Arc Hub Combat Hostiles Destroyed 219 | . 12 1 21 10 19 44 4 . 24 1 15 . 1 27 10 3 1 26 Melee 7 | . . . . . . 1 . . 3 . 2 . . 1 . . . . Guns 89 | . 10 1 2 4 19 19 2 . 7 . 7 . . 7 2 . 1 8 Cannons 104 | . . . 15 3 . 21 1 . 13 1 6 . 1 19 7 2 . 15 AOE 13 | . 2 . 4 3 . 3 . . . . . . . . . . . 1 Classes Destroyed 20 | . 3 . 8 1 1 3 . . 1 . . . 1 1 . . . 1 Worker 11 | . . . 1 . . 2 . . 4 . . . . 1 . . . 3 Builder 15 | . . . 2 . . 2 . . 5 . . . . 4 . . . 2 Tunneler 6 | . . . 1 . . 1 1 . 1 . . . . . . . . 2 Hauler 15 | . . . 4 1 . 4 . . . . . . . 2 . . . 4 Recycler 7 | . . . 1 . . 1 . . 2 . . . . 2 1 . . . Carrier 1 | . . . . . . . . . . . . . . . . . . 1 Mechanic 1 | . . . . . . . . . . . . . . 1 . . . . Operator 6 | . 1 . 1 . . 1 . . . . . . . 1 . . . 2 Watcher 13 | . . . . 2 . 4 . . . . . . . 2 2 . . 3 Swarmer 58 | . 6 . 1 3 7 16 4 . 3 . 6 . . 8 1 . . 3 Grunt 85 | . 6 1 10 4 4 12 . . 13 . 8 . . 10 5 . . 12 Brawler 3 | . . . 1 . . 1 . . 1 . . . . . . . . . Duelist 7 | . . . 1 . . 3 . . 1 . . . . . . . . 2 Protector 1 | . . . . . . 1 . . . . . . . . . . . . Sentry 37 | . . . 8 3 7 6 . . 2 . 1 . . 3 3 . 1 3 Specialist 3 | . . . . . 1 2 . . . . . . . . . . . . Hunter 9 | . . . . . . 2 . . 3 1 . . . 2 . . . 1 Programmer 6 | . . . . . . . . . 1 . . . . 4 . . . 1 Heavy 3 | . . . . . . 1 . . . . . . . . . . . 2 Behemoth 2 | . . . . . . . . . . . . . 1 . 1 . . . Cetus Guard 3 | . . . . . . . . . . . . . . . . 3 . . Lightning 2 | . . . . . . . . . . . . . . . . . . 2 Thug 1 | . . . . . . . . . . . . . . . 1 . . . Best Kill Streak 10 | . 3 1 9 3 6 10 4 . 6 1 6 . 1 6 3 1 1 9 Combat Bots Only 10 | . 3 1 6 3 6 10 4 . 5 1 6 . 1 4 3 1 1 8 Max Kills in Single Turn 8 | . 2 1 3 3 2 3 1 . 2 1 2 . 1 2 2 1 1 8 Gunslinging 1 | . . . . . 1 . . . . . . . . . . . . . Exploded 3 | . 1 . 2 3 . 3 . . . . . . . . . . . 1 Melee 1 | . . . . . . 1 . . 1 . 1 . . 1 . . . . Uniques/NPCs Destroyed . | . . . . . . . . . . . . . . . . . . . Combat | -11 -10 -10 -9 -9 -9 -8 -7 -7 -7 -7 -7 -7 -6 -6 -6 -6 -6 -6 -------- Run | Yrd Mat Min Mat Sto Gar Mat Fac Was Fac Low Low Dat Pro Fac Ext Cet Arc Hub Hostile Shots Fired 1470 | . 56 18 74 44 51 236 17 . 218 2 30 . 27 238 103 11 4 341 Missed 440 | . 19 5 21 13 8 61 8 . 61 . 2 . 10 74 34 3 . 121 Damage Taken 15114 | . 417 154 667 428 492 2579 135 . 2451 27 448 . 307 2027 734 150 85 4013 Core 2175 | . 53 25 135 83 59 372 15 . 386 . 113 . 76 238 88 29 . 503 Absorbed by Shields 385 | . . . 92 . . . . . . . . . . 46 84 61 . 102 Redirected to Shielding 280 | . . . . . . . . . . . . . 21 259 . . . . Ignored by Resistances 397 | . . . . . . . . . . . . . . . 80 76 17 224 Regen/Repaired (Parts) 493 | . . . 116 . . 55 . . 90 . . . . 232 . . . . Core Remaining (%) 49 | 100 . 68 . . 30 32 . . . . . . 15 . . . . . Volleys Fired 639 | . 56 8 65 41 58 100 6 . 76 2 26 . 10 74 30 6 2 79 Largest 4 | . 2 2 2 2 2 3 3 . 3 3 3 . 3 4 4 4 4 4 Hottest 305 | . 50 40 132 132 131 200 197 . 178 150 155 . 158 246 261 261 253 305 Shots Fired 1596 | . 112 16 111 81 110 220 18 . 168 6 58 . 30 247 117 22 7 273 Gun 864 | . 110 16 29 50 107 140 12 . 70 2 33 . 25 100 29 7 3 131 Cannon 721 | . . . 79 30 3 79 6 . 98 4 25 . 5 147 88 15 4 138 Launcher 11 | . 2 . 3 1 . 1 . . . . . . . . . . . 4 Special . | . . . . . . . . . . . . . . . . . . . Kinetic 925 | . 110 16 66 55 54 95 . . 67 4 42 . 20 178 59 12 4 143 Thermal 648 | . . . 42 25 56 124 18 . 101 2 16 . 10 57 58 10 3 126 Explosive 11 | . 2 . 3 1 . 1 . . . . . . . . . . . 4 Electromagnetic 12 | . . . . . . . . . . . . . . 12 . . . . Robot Hit Streak 17 | . 9 11 12 10 14 14 11 . 17 3 5 . 5 15 4 5 3 12 Robot Miss Streak 8 | . 6 2 4 2 4 7 2 . 3 1 3 . 3 8 5 2 1 6 Penetration Max 1 | . . . 1 . . 1 . . 1 . 1 . . 1 1 . . 1 Secondary Targets 4 | . . . . . 2 1 . . . . . . . . . . . 1 Max Gunslinging Chain 1 | . . . . . 1 1 . . . . . . . . . . . 1 Shots Hit Robots 963 | . 64 13 66 47 50 167 13 . 123 4 39 . 18 135 53 13 4 154 Core Hits 483 | . 29 2 41 15 23 95 6 . 57 2 23 . 6 71 23 6 2 82 Critical Kills 22 | . . . 5 2 . 1 1 . 1 . 4 . . . 1 1 1 5 Critical Parts Destroyed 29 | . . 1 5 5 . 1 . . 3 1 4 . . 2 1 . . 6 Critical Strikes 85 | . . 1 10 9 4 8 3 . 13 1 9 . 2 4 5 1 1 14 Burn 18 | . . . . 1 4 6 2 . 4 . . . 1 . . . . . Meltdown 5 | . . . . . . . 1 . . . . . . . 1 1 . 2 Destroy 49 | . . 1 10 8 . 2 . . 4 1 8 . . 2 1 . 1 11 Blast 9 | . . . . . . . . . 2 . . . 1 2 3 . . 1 Sever 4 | . . . . . . . . . 3 . 1 . . . . . . . Melee Attacks 62 | . . . . . . 21 1 . 24 . 5 . . 11 . . . . Impact . | . . . . . . . . . . . . . . . . . . . Slashing 54 | . . . . . . 21 1 . 24 . 5 . . 3 . . . . Piercing 8 | . . . . . . . . . . . . . . 8 . . . . Sneak Attacks 18 | . . . . . . 8 1 . 5 . 1 . . 3 . . . . Combat Hostiles 1 | . . . . . . . . . . . 1 . . . . . . . Follow-up Attacks . | . . . . . . . . . . . . . . . . . . . Damage Inflicted 27401 | . 724 129 1993 1144 1066 4736 313 . 3460 67 1029 . 377 3613 2075 392 156 6127 Guns 10246 | . 568 129 264 632 1066 1905 136 . 1131 31 482 . 285 1206 476 71 63 1801 Cannons 12706 | . . . 1367 359 . 1912 100 . 1599 36 411 . 92 2160 1522 321 93 2734 Explosions 2476 | . 156 . 362 153 . 136 . . . . . . . . 77 . . 1592 Melee 1973 | . . . . . . 783 77 . 730 . 136 . . 247 . . . . Ramming . | . . . . . . . . . . . . . . . . . . . Kinetic 12336 | . 568 129 831 720 669 1346 . . 1045 41 704 . 273 2402 1049 174 84 2301 Thermal 10553 | . . . 864 271 397 2471 236 . 1685 26 189 . 104 760 1026 218 72 2234 Explosive 1414 | . 156 . 298 153 . 136 . . . . . . . . . . . 671 Electromagnetic 1125 | . . . . . . . . . . . . . . 204 . . . 921 Impact . | . . . . . . . . . . . . . . . . . . . Slashing 1726 | . . . . . . 783 77 . 730 . 136 . . . . . . . Piercing 247 | . . . . . . . . . . . . . . 247 . . . . Highest Corruption 21 | . 1 1 . 2 2 . . . 2 2 . . . 4 1 . . 21 Average Corruption 2 | . 1 1 . 1 2 . . . 1 1 . . . 2 1 . . 12 Corruption Purged 12 | . . . . . . . . . . 2 . . . 8 1 . . 1 Corruption Blocked . | . . . . . . . . . . . . . . . . . . . Effects 55 | . 3 1 . 5 9 . . . 5 4 . . . 19 5 . . 4 Message Errors 18 | . . 1 . 3 3 . . . . 3 . . . 7 1 . . . Matter Fused 7 | . 2 . . . 2 . . . . . . . . 3 . . . . Heat Flow Errors 4 | . . . . . . . . . 1 . . . . 2 1 . . . Energy Discharges 8 | . . . . . 1 . . . 2 1 . . . 1 2 . . 1 Parts Rejected 1 | . . . . 1 . . . . . . . . . . . . . . Parts Fused 1 | . . . . 1 . . . . . . . . . . . . . . Data Loss (minor) 6 | . . . . . . . . . 2 . . . . 4 . . . . Data Loss (major) 4 | . . . . . 2 . . . . . . . . 1 . . . 1 Alerts 4 | . 1 . . . 1 . . . . . . . . 1 1 . . . Misdirections 1 | . . . . . . . . . . . . . . . . . . 1 Weapon Failures 1 | . . . . . . . . . . . . . . . . . . 1 Overload Shots . | . . . . . . . . . . . . . . . . . . . Overflow Damage 441 | . 8 . 4 . . 64 . . 187 . 3 . . 30 45 . . 100 Projectiles 174 | . . . 4 . . 19 . . 40 . 3 . . 30 45 . . 33 Explosions 75 | . 8 . . . . . . . . . . . . . . . . 67 Melee 192 | . . . . . . 45 . . 147 . . . . . . . . . Knockbacks 43 | . . . 11 2 . 2 . . 2 . 1 . . 15 3 . . 7 Impact . | . . . . . . . . . . . . . . . . . . . Kinetic 39 | . . . 8 2 . 2 . . 1 . 1 . . 15 3 . . 7 Secondary 4 | . . . 3 . . . . . 1 . . . . . . . . . Self-Inflicted Damage 172 | . . . 64 . . 39 . . . . . . . . . . . 69 Shots 4 | . . . 2 . . 1 . . . . . . . . . . . 1 Rammed . | . . . . . . . . . . . . . . . . . . . Targets Rammed . | . . . . . . . . . . . . . . . . . . . Kicked . | . . . . . . . . . . . . . . . . . . . Crushed . | . . . . . . . . . . . . . . . . . . . Highest Temperature 384 | . 36 15 202 333 208 273 48 . 194 125 320 . 145 384 267 126 54 297 Average Temperature 70 | . 10 10 54 71 75 73 20 . 55 68 75 . 80 67 95 69 36 100 Received Heat Transfer 3906 | . 180 72 266 141 159 621 . . 831 . 207 . 12 362 267 . 36 752 Effects 4 | . . . . 1 . 3 . . . . . . . . . . . . Interference 4 | . . . . 1 . 3 . . . . . . . . . . . . Siege Activations . | . . . . . . . . . . . . . . . . . . . Robots Corrupted . | . . . . . . . . . . . . . . . . . . . Combat Hostiles . | . . . . . . . . . . . . . . . . . . . Parts Fried 7 | . . . . . . . . . . . . . . 1 . . . 6 Impact Corruptions . | . . . . . . . . . . . . . . . . . . . Robots Melted 6 | . . . . . . . 1 . 1 . . . . . 1 1 . 2 Combat Hostiles 6 | . . . . . . . 1 . 1 . . . . . 1 1 . 2 Parts Melted 31 | . . . . 2 3 8 1 . 7 . . . . 1 4 1 . 4 Heat Transferred 16707 | . . . 1234 592 1147 3949 592 . 2923 37 259 . 222 1446 1500 350 87 2369 Parts Sabotaged 4 | . . . . . . . . . . . . . . . . . . 4 Parts Stolen . | . . . . . . . . . . . . . . . . . . . Parts Stripped . | . . . . . . . . . . . . . . . . . . . Power Chain Reactions 1 | . . . . . . . . . . . . . . . . . . 1 Alert | -11 -10 -10 -9 -9 -9 -8 -7 -7 -7 -7 -7 -7 -6 -6 -6 -6 -6 -6 ------- Run | Yrd Mat Min Mat Sto Gar Mat Fac Was Fac Low Low Dat Pro Fac Ext Cet Arc Hub Peak Influence 1973 | . 355 41 649 630 1366 1347 707 179 461 . . . . 427 372 439 304 1973 Initial 665 | . . 26 15 273 360 665 612 179 125 . . . . . 208 153 95 106 Average 455 | . 139 27 346 467 876 1008 599 179 170 . . . . 126 206 286 269 1090 Maximum Alert Level 5 | . 1 . 2 2 4 4 3 . 2 . . . . 2 1 2 1 5 Low Security (%) 37 | 100 90 100 16 . . . . 100 66 . . . . 78 32 6 17 20 Level 1 22 | . 9 . 45 32 4 . . . 27 . . . . 19 67 83 82 . Level 2 13 | . . . 38 67 33 5 93 . 6 . . . . 1 . 9 . . Level 3 13 | . . . . . 35 59 6 . . . . . . . . . . 16 Level 4 10 | . . . . . 26 35 . . . . . . . . . . . 49 Level 5 . | . . . . . . . . . . . . . . . . . . 13 High Security . | . . . . . . . . . . . . . . . . . . . Max Security . | . . . . . . . . . . . . . . . . . . . Squads Dispatched 47 | . 2 . 5 . . 7 . . 8 . 1 . . 11 . . . 13 Investigation 16 | . . . 4 . . 2 . . 4 . 1 . . 4 . . . 1 Extermination 8 | . . . . . . . . . 2 . . . . 4 . . . 2 Reinforcement 16 | . 2 . 1 . . 3 . . 2 . . . . 3 . . . 5 Assault 6 | . . . . . . 2 . . . . . . . . . . . 4 Garrison 1 | . . . . . . . . . . . . . . . . . . 1 Intercept . | . . . . . . . . . . . . . . . . . . . Searches Triggered . | . . . . . . . . . . . . . . . . . . . Data Miner Redirects 1 | . . . . . . . . . . . . . . . . . . 1 Construction Impeded 1 | . . . . . . . . . . . . . . . . . . 1 Haulers Reinforced 2 | . . . . . . . . . 1 . . . . 1 . . . . Active Scanning Responses . | . . . . . . . . . . . . . . . . . . . Cargo Convoy Interrupts 1 | . . . . . . . . . . . . . . 1 . . . . Stealth | -11 -10 -10 -9 -9 -9 -8 -7 -7 -7 -7 -7 -7 -6 -6 -6 -6 -6 -6 --------- Run | Yrd Mat Min Mat Sto Gar Mat Fac Was Fac Low Low Dat Pro Fac Ext Cet Arc Hub Distress Signals 15 | . 5 . 1 1 . . 1 . . . . . . 1 3 2 . 1 Communications Jammed 3 | . . . . . . . . . . . . . . 2 1 . . . Distress Signals 3 | . . . . . . . . . . . . . . 2 1 . . . Times Spotted 345 | . 26 5 32 15 23 61 5 . 31 1 15 . 2 34 21 10 6 58 Peak Tracking Total 11 | . 6 3 7 3 5 7 5 . 4 1 3 . 1 6 3 5 1 11 Tactical Retreats 14 | . 1 1 2 2 1 1 . . 2 . 3 . . . 1 . . . Traps | -11 -10 -10 -9 -9 -9 -8 -7 -7 -7 -7 -7 -7 -6 -6 -6 -6 -6 -6 ------- Run | Yrd Mat Min Mat Sto Gar Mat Fac Was Fac Low Low Dat Pro Fac Ext Cet Arc Hub Traps Triggered 23 | . 3 . 1 3 4 1 2 . 2 . . . . 4 1 . . 2 Indirectly . | . . . . . . . . . . . . . . . . . . . Trap Hack Attempts . | . . . . . . . . . . . . . . . . . . . Triggered . | . . . . . . . . . . . . . . . . . . . Disarmed . | . . . . . . . . . . . . . . . . . . . Reprogrammed . | . . . . . . . . . . . . . . . . . . . Reused . | . . . . . . . . . . . . . . . . . . . Traps Extracted . | . . . . . . . . . . . . . . . . . . . Installed . | . . . . . . . . . . . . . . . . . . . Triggered 1 | . . . . . . . . . . . . . . 1 . . . . Machines | -11 -10 -10 -9 -9 -9 -8 -7 -7 -7 -7 -7 -7 -6 -6 -6 -6 -6 -6 ---------- Run | Yrd Mat Min Mat Sto Gar Mat Fac Was Fac Low Low Dat Pro Fac Ext Cet Arc Hub Machines Disabled 56 | . 2 . 3 4 10 3 . . 2 . 3 . . 4 2 . 1 22 Max in Single Turn 7 | . 2 . 2 1 2 1 . . 1 . 1 . . 1 1 . . 7 Garrison Access 1 | . . . . . . . . . . . . . . . . . . 1 Garrison Relay 5 | . . . . . 5 . . . . . . . . . . . . . Phase Generator 1 | . . . . . 1 . . . . . . . . . . . . . Network Hub 2 | . . . . . . . . . . . . . . . . . . 2 Energy Cycler 1 | . . . . . . . . . . . . . . . 1 . . . Machines Repaired . | . . . . . . . . . . . . . . . . . . . Machines Dismantled 1 | . . . . . . . . . . . . . . . . 1 . . Machines Sabotaged . | . . . . . . . . . . . . . . . . . . . Overloaded Fab Kills . | . . . . . . . . . . . . . . . . . . . Hacking | -11 -10 -10 -9 -9 -9 -8 -7 -7 -7 -7 -7 -7 -6 -6 -6 -6 -6 -6 --------- Run | Yrd Mat Min Mat Sto Gar Mat Fac Was Fac Low Low Dat Pro Fac Ext Cet Arc Hub Machines Accessed 62 | . 3 . 10 7 3 6 1 . 12 . 1 4 . 10 2 . 1 2 Terminals 39 | . 3 . 7 6 3 3 . . 6 . 1 . . 6 2 . . 2 Fabricators 3 | . . . . . . . . . 2 . . . . 1 . . . . Repair Stations 5 | . . . 1 . . 1 . . 1 . . . . 2 . . . . Recycling Units 1 | . . . . . . . . . 1 . . . . . . . . . Scanalyzers 7 | . . . 2 . . 2 . . 2 . . . . 1 . . . . Garrison Access 2 | . . . . 1 . . 1 . . . . . . . . . . . Total Hacks 198 | . 15 . 28 18 4 24 1 . 33 . 3 30 . 25 5 . 6 6 Successful 127 | . 6 . 16 9 3 14 1 . 18 . 3 30 . 15 3 . 6 3 Failed 70 | . 8 . 12 9 1 10 . . 15 . . . . 10 2 . . 3 Catastrophic 8 | . 2 . . 2 . 2 . . 1 . . . . 1 . . . . Database Lockouts 1 | . 1 . . . . . . . . . . . . . . . . . Manual 36 | . 5 . 8 7 . 8 . . 6 . . . . 1 . 1 . . Terminals 112 | . 15 . 18 16 4 12 . . 19 . 3 . . 14 5 . . 6 Fabricators 6 | . . . . . . . . . 4 . . . . 2 . . . . Repair Stations 17 | . . . 2 . . 3 . . 5 . . . . 7 . . . . Recycling Units 2 | . . . . . . . . . 2 . . . . . . . . . Scanalyzers 22 | . . . 8 . . 9 . . 3 . . . . 2 . . . . Garrison Access 3 | . . . . 2 . . 1 . . . . . . . . . . . Terminal Hacks 85 | . 5 . 6 6 3 2 . . 11 . 3 30 . 7 3 . 6 3 Record 21 | . 1 . . . . . . . . . 3 11 . . . . 6 . Part Schematic 11 | . . . . . . . . . . . . 11 . . . . . . Robot Schematic 7 | . . . . 1 . . . . . . . 5 . 1 . . . . Robot Analysis 3 | . 1 . . . . . . . . . . . . 1 . . . 1 Prototype ID Bank 10 | . 1 . 2 1 . . . . 1 . . 3 . 1 1 . . . Open Door 3 | . . . . 2 1 . . . . . . . . . . . . . Open DSF 1 | . . . . . . . . . . . . . . 1 . . . . Branch Access Points 6 | . 1 . 1 1 . 1 . . 1 . . . . 1 . . . . Emergency Access Points 3 | . . . . . . . . . 1 . . . . . . . . 2 Terminal Index 1 | . . . 1 . . . . . . . . . . . . . . . Alert Level 4 | . . . . . . 1 . . 2 . . . . 1 . . . . Unreport Threat 1 | . . . . . . . . . 1 . . . . . . . . . Locate Traps 5 | . . . 2 1 . . . . . . . . . 1 1 . . . Transport Status 1 | . . . . . . . . . 1 . . . . . . . . . Hauler Manifests 1 | . . . . . . . . . 1 . . . . . . . . . Registered Components 1 | . . . . . . . . . 1 . . . . . . . . . Zone Layout 4 | . 1 . . . . . . . 2 . . . . . 1 . . . Garrison Registry 1 | . . . . . 1 . . . . . . . . . . . . . Patrol Navigation 1 | . . . . . 1 . . . . . . . . . . . . . Fabricator Hacks . | . . . . . . . . . . . . . . . . . . . Repair Station Hacks 13 | . . . 2 . . 2 . . 4 . . . . 5 . . . . Scan Component 7 | . . . 1 . . 1 . . 2 . . . . 3 . . . . Repair 6 | . . . 1 . . 1 . . 2 . . . . 2 . . . . Recycling Unit Hacks 1 | . . . . . . . . . 1 . . . . . . . . . Report Inventory 1 | . . . . . . . . . 1 . . . . . . . . . Scanalyzer 14 | . . . 5 . . 7 . . . . . . . 2 . . . . Insert Component 6 | . . . 2 . . 3 . . . . . . . 1 . . . . Analyze 8 | . . . 3 . . 4 . . . . . . . 1 . . . . Garrison Access Hacks 2 | . . . . 1 . . 1 . . . . . . . . . . . Unlock Access 2 | . . . . 1 . . 1 . . . . . . . . . . . Unauthorized Hacks 12 | . 1 . 3 2 . 3 . . 2 . . . . 1 . . . . Terminals 6 | . 1 . 1 2 . 2 . . . . . . . . . . . . Track 1 | . 1 . . . . . . . . . . . . . . . . . Botnet 5 | . . . 1 2 . 2 . . . . . . . . . . . . Fabricators . | . . . . . . . . . . . . . . . . . . . Repair Stations 1 | . . . . . . . . . . . . . . 1 . . . . Mechanics 1 | . . . . . . . . . . . . . . 1 . . . . Recycling Units . | . . . . . . . . . . . . . . . . . . . Scanalyzers 5 | . . . 2 . . 1 . . 2 . . . . . . . . . Extract 5 | . . . 2 . . 1 . . 2 . . . . . . . . . Garrison Access . | . . . . . . . . . . . . . . . . . . . Data Cores Recovered 2 | . . . 1 . . . . . . . . . . 1 . . . . Used 2 | . . . 1 . . . . . . . . . . 1 . . . . Hacking Detections 45 | . 2 . 8 5 2 6 1 . 10 . 1 . . 8 1 . . 1 Full Trace Events 10 | . . . 2 1 . . . . 2 . 1 . . 4 . . . . Feedback Events 1 | . . . . . . . . . . . . . . 1 . . . . Corruption 1 | . . . . . . . . . . . . . . 1 . . . . Feedback Blocked . | . . . . . . . . . . . . . . . . . . . Robot Schematics Acquired 7 | . . . . 1 . . . . . . . 5 . 1 . . . . Robots Built . | . . . . . . . . . . . . . . . . . . . Authchips . | . . . . . . . . . . . . . . . . . . . Time . | . . . . . . . . . . . . . . . . . . . Total Robot Build Rating . | . . . . . . . . . . . . . . . . . . . Part Schematics Acquired 33 | . . . 7 . . 9 . . 5 . . 11 . 1 . . . . Parts Built . | . . . . . . . . . . . . . . . . . . . Authchips . | . . . . . . . . . . . . . . . . . . . Time . | . . . . . . . . . . . . . . . . . . . Total Part Build Rating . | . . . . . . . . . . . . . . . . . . . Parts Repaired 6 | . . . 1 . . 1 . . 2 . . . . 2 . . . . Time 264 | . . . 50 . . 26 . . 106 . . . . 82 . . . . Parts Recycled . | . . . . . . . . . . . . . . . . . . . Recycled Matter . | . . . . . . . . . . . . . . . . . . . Retrieved Matter . | . . . . . . . . . . . . . . . . . . . Retrieved Components . | . . . . . . . . . . . . . . . . . . . Parts Scanalyzed 5 | . . . 2 . . 2 . . . . . . . 1 . . . . Part Schematics Acquired 5 | . . . 2 . . 2 . . . . . . . 1 . . . . Parts Damaged . | . . . . . . . . . . . . . . . . . . . Bothacking | -11 -10 -10 -9 -9 -9 -8 -7 -7 -7 -7 -7 -7 -6 -6 -6 -6 -6 -6 ------------ Run | Yrd Mat Min Mat Sto Gar Mat Fac Was Fac Low Low Dat Pro Fac Ext Cet Arc Hub Used RIF Installer . | . . . . . . . . . . . . . . . . . . . Robots Hacked . | . . . . . . . . . . . . . . . . . . . Non-combat . | . . . . . . . . . . . . . . . . . . . Combat . | . . . . . . . . . . . . . . . . . . . Robot Hacks Applied . | . . . . . . . . . . . . . . . . . . . Relay Couplers Released 24 | . . . . . 23 . . . . . . . . . . . . 1 Machine Destruction 24 | . . . . . 23 . . . . . . . . . . . . 1 Fabnet Peak Effective % . | . . . . . . . . . . . . . . . . . . . Robots Rewired 8 | . . . . . 2 . . . . . . . . . 6 . . . Allies Hacked . | . . . . . . . . . . . . . . . . . . . Hacks Repelled . | . . . . . . . . . . . . . . . . . . . Allies | -11 -10 -10 -9 -9 -9 -8 -7 -7 -7 -7 -7 -7 -6 -6 -6 -6 -6 -6 -------- Run | Yrd Mat Min Mat Sto Gar Mat Fac Was Fac Low Low Dat Pro Fac Ext Cet Arc Hub Total Allies 23 | . . . . . 2 . . . . . . . 1 3 12 5 . . Largest Group 10 | . . . . . 2 . . . . . . . 1 3 8 10 9 8 Highest-Rated Group 779 | . . . . . 40 . . . . . . . 96 93 302 779 683 524 Highest-Rated Ally 159 | . . . . . 20 . . . . . . . 96 31 159 159 159 96 Total Orders . | . . . . . . . . . . . . . . . . . . . Ally Attacks 272 | . . . . . 6 . . . . . . . 11 22 101 60 21 51 Total Damage 8542 | . . . . . 314 . . . . . . . 272 400 1589 1776 531 3660 Kills 47 | . . . . . 3 . . . . . . . 1 2 10 7 3 21 Allies Corrupted 3 | . . . . . . . . . . . . . . . . . . 3 Allies Melted 1 | . . . . . . . . . . . . . 1 . . . . . Intel | -11 -10 -10 -9 -9 -9 -8 -7 -7 -7 -7 -7 -7 -6 -6 -6 -6 -6 -6 ------- Run | Yrd Mat Min Mat Sto Gar Mat Fac Was Fac Low Low Dat Pro Fac Ext Cet Arc Hub Robot Analysis Total 3 | . 1 . . . . . . . . . . . . 1 . . . 1 Derelict Logs Recovered 3 | . . 1 . . . . . . . . . . 2 . . . . . Drone Launches . | . . . . . . . . . . . . . . . . . . . Drone Recoveries . | . . . . . . . . . . . . . . . . . . . Exploration | -11 -10 -10 -9 -9 -9 -8 -7 -7 -7 -7 -7 -7 -6 -6 -6 -6 -6 -6 ------------- Run | Yrd Mat Min Mat Sto Gar Mat Fac Was Fac Low Low Dat Pro Fac Ext Cet Arc Hub Turns Passed 14206 | 58 1005 68 900 483 725 2111 491 167 1275 500 948 95 643 2232 1206 436 125 738 Spaces Moved 8325 | 37 514 40 631 287 456 1318 337 125 579 380 616 77 470 1276 646 190 72 274 Core 15 | 15 . . . . . . . . . . . . . . . . . . Treads 537 | 22 514 1 . . . . . . . . . . . . . . . . Legs . | . . . . . . . . . . . . . . . . . . . Wheels 7773 | . . 39 631 287 456 1318 337 125 579 380 616 77 470 1276 646 190 72 274 Hover . | . . . . . . . . . . . . . . . . . . . Flight . | . . . . . . . . . . . . . . . . . . . Fastest Speed 50 | 50 160 95 95 110 110 110 120 125 110 125 125 125 125 120 140 145 160 105 Average Speed 131 | 115 160 96 102 111 110 121 130 125 137 125 130 125 126 139 157 158 160 155 Slowest Speed 240 | 160 240 160 110 140 140 185 170 125 185 125 185 125 185 185 160 160 160 240 Overloaded Moves . | . . . . . . . . . . . . . . . . . . . Propulsion Burnouts . | . . . . . . . . . . . . . . . . . . . Robots Hopped . | . . . . . . . . . . . . . . . . . . . Cave-ins Triggered . | . . . . . . . . . . . . . . . . . . . Exploration Rate (%) 56 | 5 84 25 69 58 85 76 10 72 16 63 72 68 58 27 86 78 77 44 Regions Visited 18 Branch Regions 10 Pre-discovered Areas 2 | . . . . . . . . . . 1 . 1 . . . . . . Known Exits Taken 13 | . 1 . 1 1 . 1 . . 1 1 1 1 1 1 1 1 1 . Unknown Exits Taken 2 | 1 . 1 . . . . . . . . . . . . . . . . Scrap Searched 7 | . . 1 . . . . . . . 3 2 . 1 . . . . . Spaces Dug 7 | . . . 1 . . 1 . . 1 . 1 . . 3 . . . . Terrain Destroyed 654 | . 4 . 76 21 148 16 . . 20 1 6 . 2 33 40 4 2 281 Melee 4 | . . . . . . . . . 1 . . . . 3 . . . . Projectile 215 | . . . 32 10 . 8 . . 19 1 6 . 2 30 21 4 2 80 AOE 435 | . 4 . 44 11 148 8 . . . . . . . . 19 . . 201 Terrain Rammed . | . . . . . . . . . . . . . . . . . . . Walls Destroyed . | . . . . . . . . . . . . . . . . . . . Machines Disabled . | . . . . . . . . . . . . . . . . . . . Actions | -11 -10 -10 -9 -9 -9 -8 -7 -7 -7 -7 -7 -7 -6 -6 -6 -6 -6 -6 --------- Run | Yrd Mat Min Mat Sto Gar Mat Fac Was Fac Low Low Dat Pro Fac Ext Cet Arc Hub Total 10115 | 52 603 54 775 377 577 1568 374 140 857 400 700 76 498 1537 763 296 77 391 Wait 455 | . 11 . 31 22 3 36 1 . 125 9 37 . 4 83 16 68 4 5 Move 8308 | 36 513 39 630 286 455 1317 337 124 578 379 615 76 469 1275 645 189 71 274 Hop . | . . . . . . . . . . . . . . . . . . . Pick Up 184 | 10 14 3 17 8 . 31 9 6 23 3 7 . 4 28 7 6 . 8 Fast Attach 14 | . 1 . . . . . . . . . . . . 11 . 2 . . Attach 100 | 6 1 3 5 1 1 18 3 . 18 . 5 . 2 11 6 . . 20 Detach 3 | . 1 . . . . 1 . . . . . . . 1 . . . . Swap 116 | . 3 1 12 10 2 26 4 2 9 4 2 . 6 19 5 7 . 4 Drop 108 | . 3 . 15 9 . 18 5 8 4 3 3 . 3 24 2 10 . 1 Fire 639 | . 56 8 65 41 58 100 6 . 76 2 26 . 10 74 30 6 2 79 Melee 62 | . . . . . . 21 1 . 24 . 5 . . 11 . . . . Ram . | . . . . . . . . . . . . . . . . . . . Kick . | . . . . . . . . . . . . . . . . . . . Crush . | . . . . . . . . . . . . . . . . . . . Escape Stasis 32 | . . . . . 24 . 8 . . . . . . . . . . . Rewire 86 | . . . . . 34 . . . . . . . . . 52 . . . Trap . | . . . . . . . . . . . . . . . . . . . Miscellaneous 8 | . . . . . . . . . . . . . . . . 8 . . Route ------- -11/Scrapyard -10/Materials (discovered 4 exits: *Mat x3 / *Min) -10/Mines -9/Materials (discovered 4 exits: *Mat x2 / Min / *Sto) -9/Storage (discovered 3 exits: *Mat / Rec / Gar) -9/Garrison (discovered 3 exits: *Mat x3) -8/Materials (discovered 3 exits: *Fac x3) -7/Factory -7/Waste -7/Factory (discovered 2 exits: *Low x2) -7/Lower Caves -7/Lower Caves -7/Data Miner -6/Proximity Caves -6/Factory (discovered 5 exits: Fac / Low x2 / *Ext x2) -6/Extension (discovered 2 exits: *Fac / *Cet) -6/Cetus (discovered 2 exits: *Fac / *Arc) -6/Archives (discovered 2 exits: *Hub x2) -6/Hub_04(d) (discovered 2 exits: *Fac x2) History --------- Turn | Location | Event 11 | -11/Scrapyard | Discovered new exit (range 15) 59 | -11/Scrapyard | Entered Materials 110 | -10/Materials | Central database locked down 110 | -10/Materials | Discovered new exit (range 11) 308 | -10/Materials | Build established: Mutant 579 | -10/Materials | Discovered new exit (range 3) 828 | -10/Materials | Discovered new exit (range 10) 854 | -10/Materials | Identified exit to Mines 1064 | -10/Materials | Entered Mines 1065 | -10/Mines | Assembled infested the area 1070 | -10/Mines | Assisted by a Guerilla fighting off Assembled 1119 | -10/Mines | Discovered new exit (range 14) 1127 | -10/Mines | Learned Materials security intel 1132 | -10/Mines | Entered Materials 1132 | -9/Materials | Evolved 2 slots: Utility x2 1423 | -9/Materials | Discovered new exit (range 13) 1588 | -9/Materials | Repaired Bore Cannon 1660 | -9/Materials | Build established: Scavenger-Mutant 1842 | -9/Materials | Discovered new exit (range 14) 1879 | -9/Materials | Identified exit to Mines 1879 | -9/Materials | Identified exit to Storage 2032 | -9/Materials | Entered Storage 2277 | -9/Storage | Core integrity fell below 50% 2375 | -9/Storage | Identified exit to Recycling 2387 | -9/Storage | Build established: Mutant 2507 | -9/Storage | Discovered new exit (range 15) 2514 | -9/Storage | Identified exit to Garrison 2515 | -9/Storage | Entered Garrison 2548 | -9/Garrison | Phase Generator disabled 2605 | -9/Garrison | Garrison Relay disabled 2713 | -9/Garrison | Triggered checkpoint 2783 | -9/Garrison | Triggered checkpoint 2805 | -9/Garrison | Triggered checkpoint 2871 | -9/Garrison | Triggered checkpoint 2880 | -9/Garrison | Garrison Relay disabled 2888 | -9/Garrison | Discovered new exit (range 72) 2888 | -9/Garrison | Discovered new exit (range 20) 2888 | -9/Garrison | Discovered new exit (range 67) 3035 | -9/Garrison | Garrison Relay disabled 3045 | -9/Garrison | Triggered checkpoint 3070 | -9/Garrison | Garrison Relay disabled 3184 | -9/Garrison | Triggered checkpoint 3206 | -9/Garrison | Garrison Relay disabled 3240 | -9/Garrison | Entered Materials 3240 | -8/Materials | Evolved 2 slots: Utility x1, Weapon x1 3321 | -8/Materials | Repaired Grenade Launcher 3440 | -8/Materials | Found Prototype Device 3654 | -8/Materials | Discovered new exit (range 16) 3815 | -8/Materials | Build established: Scavenger-Tank 3933 | -8/Materials | Identified exit to Factory 4127 | -8/Materials | Discovered exit to Factory (range 15) 4511 | -8/Materials | Discovered exit to Factory (range 4) 4571 | -8/Materials | Build established: Mutant 4696 | -8/Materials | Identified Active Sensor Suite 4940 | -8/Materials | Build established: Scavenger-Mutant 5240 | -8/Materials | First assault squad dispatched 5265 | -8/Materials | Core integrity fell below 50% 5294 | -8/Materials | Lost 4 parts (1p1n1u1w) 5323 | -8/Materials | Destroyed 10 combat bots 5351 | -8/Materials | Entered Factory 5351 | -7/Factory | Evolved 2 slots: Utility x2 5648 | -7/Factory | Build established: Scavenger-Skirmisher 5801 | -7/Factory | Identified exit to Garrison 5842 | -7/Factory | Sucked down chute 5842 | -7/Factory | Entered Waste 5842 | -7/Waste | The area was eerily silent 5944 | -7/Waste | Discovered new exit (range 12) 6008 | -7/Waste | Identified exit to Factory 6009 | -7/Waste | Entered Factory 6049 | -7/Factory | Identified exit to Lower Caves 6197 | -7/Factory | Repaired Imp. Cooling System 6268 | -7/Factory | Repaired Antimatter Reactor 6363 | -7/Factory | Build established: Hacker-Mutant 6540 | -7/Factory | Lost 5 parts (1p1n1u2w) 6747 | -7/Factory | Lost 3 parts (2n1u) 6872 | -7/Factory | Lost 3 parts (1n2w) 6884 | -7/Factory | Core integrity fell below 50% 7284 | -7/Factory | Entered Lower Caves 7291 | -7/Lower Caves | Met a Warlord Commander 7292 | -7/Lower Caves | Learned location of Warlord (-4) 7293 | -7/Lower Caves | Warlord Commander delivered Encrypted Comm Array 7298 | -7/Lower Caves | Found Encrypted Comm Array 7608 | -7/Lower Caves | Build established: Hacker-Skirmisher 7765 | -7/Lower Caves | Discovered new exit (range 15) 7782 | -7/Lower Caves | Identified exit to Lower Caves 7784 | -7/Lower Caves | Entered another Lower Caves area 8398 | -7/Lower Caves | Attracted the attention of an 0b10 base 8596 | -7/Lower Caves | Learned Research security intel 8596 | -7/Lower Caves | Learned Extension emergency access door positions 8604 | -7/Lower Caves | Lost 3 parts (2u1w) 8714 | -7/Lower Caves | Discovered new exit (range 5) 8717 | -7/Lower Caves | Identified exit to Data Miner 8732 | -7/Lower Caves | Entered Data Miner 8732 | -7/Data Miner | Discovered new exit (range 6) 8739 | -7/Data Miner | Identified exit to Proximity Caves 8756 | -7/Data Miner | Met Data Miner 8781 | -7/Data Miner | Learned location of Section 7 (-2) 8781 | -7/Data Miner | Acquired the access code to Warlord's prototype stash 8800 | -7/Data Miner | Received God Mode back door access code from Data Miner 8827 | -7/Data Miner | Entered Proximity Caves 8844 | -6/Proximity Caves | Escorted by Enhanced Grunt 8846 | -6/Proximity Caves | Core integrity fell below 20% 8883 | -6/Proximity Caves | Spotted B-75 Beast 9182 | -6/Proximity Caves | Destroyed B-75 Beast 9216 | -6/Proximity Caves | Found Prototype Device 9217 | -6/Proximity Caves | Identified Exp. Thermal Shield 9313 | -6/Proximity Caves | Learned Factory stockpile data 9359 | -6/Proximity Caves | Learned 8 Factory zone layouts 9435 | -6/Proximity Caves | Discovered new exit (range 9) 9444 | -6/Proximity Caves | Identified exit to Factory 9470 | -6/Proximity Caves | Entered Factory 9470 | -6/Factory | Evolved 2 slots: Utility x1, Weapon x1 9471 | -6/Factory | Identified exit to Factory 9503 | -6/Factory | Build established: Hacker-Tank 9701 | -6/Factory | Spotted B-75 Beast 9991 | -6/Factory | Identified exit to DSF 10196 | -6/Factory | Repaired KE Penetrator 10349 | -6/Factory | Identified exit to Lower Caves 10349 | -6/Factory | Identified exit to Extension 11101 | -6/Factory | Lost 4 parts (1p3u) 11288 | -6/Factory | Repaired Broken Assault Cannon? 11373 | -6/Factory | Allied Derelicts emerged from ambush trap array 11374 | -6/Factory | Build established: Scavenger-Tank 11611 | -6/Factory | Cargo convoy interrupted 11702 | -6/Factory | Entered Extension 11911 | -6/Extension | Rescued a captive Derelict 11912 | -6/Extension | Rescued a captive Derelict 12285 | -6/Extension | Spotted B-75 Beast 12304 | -6/Extension | Allies destroyed B-75 Beast 12305 | -6/Extension | Spotted B-75 Beast 12311 | -6/Extension | Destroyed B-75 Beast 12324 | -6/Extension | Lost 3 parts (2n1w) 12342 | -6/Extension | Lost 3 allies 12373 | -6/Extension | Build established: Commander-Tank 12428 | -6/Extension | Lost 3 parts (1n2u) 12441 | -6/Extension | Lost 4 allies 12449 | -6/Extension | Rescued a captive Derelict 12598 | -6/Extension | Rescued A7 12612 | -6/Extension | Rescued a captive Derelict 12645 | -6/Extension | Rescued a captive Derelict 12665 | -6/Extension | Energy Cycler disabled 12890 | -6/Extension | Discovered exit to Factory (range 10) 12892 | -6/Extension | Discovered new exit (range 6) 12900 | -6/Extension | Identified exit to Cetus 12903 | -6/Extension | Build established: Gunner 12908 | -6/Extension | Entered Cetus 12908 | -6/Cetus | Accompanied by 5 allies (A7) 12913 | -6/Cetus | Acquired a Cetus Manufacturing Module code from A7 12930 | -6/Cetus | Spotted Cetus Guard 12930 | -6/Cetus | Spotted Cetus Guard 12933 | -6/Cetus | Spotted Cetus Guard 12934 | -6/Cetus | Destroyed Cetus Guard 12934 | -6/Cetus | Spotted Cetus Guard 12936 | -6/Cetus | Allies destroyed Cetus Guard 12938 | -6/Cetus | Allies destroyed Cetus Guard 12949 | -6/Cetus | Allies destroyed Cetus Guard 13058 | -6/Cetus | Started Cetus Manufacturing Module 13083 | -6/Cetus | Manufactured an Enhanced Grunt 13096 | -6/Cetus | Escorted A7 to Cetus Mainframe 13108 | -6/Cetus | Manufactured an Enhanced Grunt 13133 | -6/Cetus | Manufactured an Enhanced Grunt 13158 | -6/Cetus | Manufactured an Enhanced Grunt 13183 | -6/Cetus | Manufactured an Enhanced Grunt 13211 | -6/Cetus | Discovered new exit (range 15) 13241 | -6/Cetus | Spotted Cetus Guard 13241 | -6/Cetus | Spotted Cetus Guard 13245 | -6/Cetus | Destroyed Cetus Guard 13246 | -6/Cetus | Spotted Cetus Guard 13246 | -6/Cetus | Spotted Cetus Guard 13250 | -6/Cetus | Build established: Scavenger-Gunner 13256 | -6/Cetus | Allies destroyed Cetus Guard 13260 | -6/Cetus | Discovered exit to Factory (range 15) 13264 | -6/Cetus | Allies destroyed Cetus Guard 13266 | -6/Cetus | Destroyed Cetus Guard 13271 | -6/Cetus | Met Revision 17 13336 | -6/Cetus | Identified exit to Archives 13344 | -6/Cetus | Entered Archives 13344 | -6/Archives | Accompanied by 9 allies (A7) 13349 | -6/Archives | Received a hacking code to weaken MAIN.C 13382 | -6/Archives | Unable to access archive contents 13398 | -6/Archives | Unable to access archive contents 13404 | -6/Archives | Discovered new exit (range 16) 13415 | -6/Archives | Unable to access archive contents 13418 | -6/Archives | Discovered new exit (range 16) 13431 | -6/Archives | Unable to access archive contents 13462 | -6/Archives | Identified exit to Hub_04(d) 13469 | -6/Archives | Entered Hub_04(d) 13469 | -6/Hub_04(d) | Accompanied by 8 allies 13501 | -6/Hub_04(d) | Discovered exit to Factory (range 15) 13621 | -6/Hub_04(d) | Garrison activated, responded to threat 13623 | -6/Hub_04(d) | Network Hub disabled 13655 | -6/Hub_04(d) | Lost 4 allies 13710 | -6/Hub_04(d) | Discovered exit to Factory (range 13) 13819 | -6/Hub_04(d) | First assault squad dispatched 13877 | -6/Hub_04(d) | Lost 4 allies 13952 | -6/Hub_04(d) | Lost 3 parts (1n2u) 14066 | -6/Hub_04(d) | Core integrity fell below 50% 14118 | -6/Hub_04(d) | Spotted Lightning 14119 | -6/Hub_04(d) | Spotted Lightning 14120 | -6/Hub_04(d) | Spotted Lightning 14131 | -6/Hub_04(d) | Destroyed Lightning 14152 | -6/Hub_04(d) | Destroyed 8 combat bots 14153 | -6/Hub_04(d) | System corruption reached 10% 14168 | -6/Hub_04(d) | Destroyed Lightning 14172 | -6/Hub_04(d) | Network Hub disabled 14199 | -6/Hub_04(d) | Core integrity fell below 20% 14207 | -6/Hub_04(d) | Incoming assault squad redirected 14207 | -6/Hub_04(d) | Destroyed by G-50 Soldier with Heavy Laser Last Messages --------------- Critical hit (Burn: +37). Penetrated by EMDS Slug. Adv. Assault Cannon destroyed. P-60 Hacker resets B-48 Gladiator, system corruption cleaned. Critical hit (Burn: +37). M-28 Smith repairs Lightning. Critical hit (Burn: +37). Wheel destroyed. Penetrated by EMDS Slug. M-28 Smith fits Backup Propulsion III on Lightning. Imp. Cryofiber Web destroyed. M-28 Smith repairs Imp. Weapon Shielding. Acquired 10 matter. Imp. Medium Armor Plating destroyed. Wheel destroyed. Penetrated by EMDS Slug. ALERT: Higher priority target reported, redirecting assault. Map ----- +----------------------------------------------------+ | ?????????????????????????????????? ???????????? | | ?????????????????????????????????# ???????????? | | ?????????????????????????????????? """????????? | | ?????????????????????????????????? """????????? | | ???????????????????????????????### ????????? | | ???????????????????????????????#"# =% ???????? | | ???????????????????????????????#%## !%"#?#?????? | | ?????????????????????????????###=! %="# #?????? | | ????????????????????????????## #[* "# #?????? | | ????????????????????#########"" = !!"" #?????? | | ????????????????????# " !! #?????? | | ????????????????????+ " = """#?????? | | ????????????????????# ;" ####???? | | ???????????????????## " ; % !"""""##??? | | ???????????? ]!?##?# " [* * # | | ???????????? ]!!# ### %%== "#####??? | | ??????????? !!!#;;;# """"""#### | | ???????????] ;=% ; [ % # | | ??????????;;;;;;;;!;; # % [![ = + | | ?????????? ;;;;;;;;;; b !%=[ # | | ?????????? ; ## p h gm*! # | | ????????? ; b # # | | ????????? ; ; # | | ????????# ; gg # " """ / | | ????????# ; ; g # # | | ????????#;;; ;@ g; ## = """ # | | ???????? ; ;;;;;;;;#### [% " ## | | ???????? ; ;; ## ! "%""" #? | | ????????? [; ;; % ## " #? | | ????????? ; ;; ######""##+####? | | ?????????? ; ;; = #?????" ? ???? | | ?????????? ;;;;;;;;;;;;;!% #?????# ????? | | ?????????? ; ; ! #?????? ???? | | ???????????# # #?????? ???? | | ???????????############# g#??????? ? ??? | | ???????????????????????# ;???????? ?????? | | ???????????????????????# ##?????????????? | | ???????????????????????? #??????????????? | | ???????????????????????? ????????????????? | | ???????????????????????? "???????????????????? | | ???????????????????????? ?????????????????????? | | ???????????????????????????????????????????????? | | ???????????????????????????????????????????????? | | ???????????????????????????????????????????????? | | ???????????????????????????????????????????????? | | ???????????????????????????????????????????????? | | ???????????????????????????????????????????????? | | ???????????????????????????????????????????????? | | ???????????????????????????????????????????????? | | ???????????????????????????????????????????????? | +----------------------------------------------------+ Best States ------------- Heat Dissipation 83 Energy Generation 25 Energy Capacity 500 Matter Stores 300 Matter Capacity 300 Sight Range 16 Robot Scan Range 15 Terrain Scan Density 10 Jamming Range 12 Base Temperature (-) 150 Armor Coverage 450 Resistance: KI 30 Resistance: TH 30 Weapon Shielding 66 Evasion (%) 50 Targeting Accuracy 6 Core Analysis 6 Armor Integrity Analysis 30 Recoil Reduction 2 Matter Filtering 30 Particle Charging 15 Offensive Hacking 26 Item Schematics ----------------- Hvy. Particle Cannon | -9/Materials | Scanalyzed Hcp. Storage Unit | -9/Materials | Scanalyzed Med. Laser | -9/Materials | Extracted Shield Generator | -9/Materials | Extracted Particle Gun | -9/Materials | Extracted Mni. Grenade Launcher | -9/Materials | Extracted Lgt. Armor Plating | -9/Materials | Extracted Prc. Beam Rifle | -8/Materials | Scanalyzed Hvy. Assault Rifle | -8/Materials | Extracted Imp. Signal Interpreter | -8/Materials | Extracted Imp. Terrain Scanner | -8/Materials | Extracted Cld. Ion Engine | -8/Materials | Extracted Titanium Leg | -8/Materials | Extracted Scythe | -8/Materials | Extracted Axe | -8/Materials | Extracted Hacking Suite | -8/Materials | Scanalyzed Force Booster | -7/Factory | Extracted Arc Projector | -7/Factory | Extracted Seismic Detector | -7/Factory | Extracted Plasma Cutter | -7/Factory | Extracted Trap Scanner | -7/Factory | Extracted Combat Drone Bay | -7/Data Miner | Free Lgt. Regenerative Plating | -7/Data Miner | Free Cld. Cesium-ion Thruster | -7/Data Miner | Free Gravity Neutralizer | -7/Data Miner | Free Gui. EMP Blaster | -7/Data Miner | Free Arm. Medium Treads | -7/Data Miner | Free Imp. Remote Datajack | -7/Data Miner | Free Imp. Transmission Jammer | -7/Data Miner | Free Imp. Shock Absorption System | -7/Data Miner | Free Hyp. Mass Driver | -7/Data Miner | Free Railgun | -7/Data Miner | Free F-cell Engine | -6/Factory | Scanalyzed Robot Schematics ------------------ A-02 Transporter | -9/Storage | Hacked R-10 Processor | -7/Data Miner | Free O-24 Administrator | -7/Data Miner | Free L-41 Fighter | -7/Data Miner | Free A-15 Conveyor | -7/Data Miner | Free G-50 Soldier | -7/Data Miner | Free H-66 Slayer | -6/Factory | Hacked Fabricated ------------ Nothing Alien Tech Used ----------------- None Achievements -------------- None Challenges ------------ None Game ------ Seed DisruptorAerolevRefractor Manual? 0 Play Time 03:07:29 Cumulative 125.4 hours Start 2024.05.30 @ 03:34:07 End 2024.05.30 @ 22:02:50 Sessions 3 Manual Loads 0 Difficulty Rogue Special Mode None Game No. 122 Rogue 113 Adventurer 9 Explorer 0 Win Type - Total 0 Types 0/0/0/0/0/0/0/0/0 Lore% 57 Gallery% 65 Achievement% 48 Wizard Run 0 Options --------- Layout 1 ASCII 0 Keyboard 0 Movement Numpad Keybinds 0 Fullscreen 1 Font 24/Smallcaps Map View 50x35 Zoom Use 0% Tactical HUD 0 Map Filters NONE Filters NONE Steam 1 RUN: e6700edd-526a-4b90-87e1-ebc31d561ecc